 Dungeon Crawl Stone Soup version 0.29.0-4-gdea44cf6ec (webtiles) character file.

Game seed: 2057102011891312310

131863 qw the Severer (level 15, -2/122 (145) HPs)
             Began as a Minotaur Fighter on Sept 5, 2022.
             Was the Champion of Ru.
             Slain by an orc knight
             ... wielding a +2 vorpal great sword
              (41 damage)
             ... on level 2 of the Orcish Mines.
             The game lasted 00:14:00 (24567 turns).

qw the Severer (Minotaur Fighter)                  Turns: 24567, Time: 00:14:01

HP:   -2/122 (145)  AC: 27    Str: 33    XL:     15   Next: 56%
MP:   7/14          EV: 12    Int: 11    God:    Ru [******]
Gold: 1644          SH: 23    Dex: 18    Spells: 14/14 levels left

rFire   + + .      SeeInvis +   b - +2 broad axe (elec)
rCold   + . .      Faith    .   v - +1 tower shield {AC+3}
rNeg    . . .      Spirit   .   k - +0 plate armour
rPois   .          Reflect  .   w - +0 hat {SInv}
rElec   .          Harm     .   m - +1 cloak
rCorr   .          Rampage  .   j - +2 pair of gloves
Will    +....                   p - +0 pair of boots of Death's Door {rF+ rC+ Dex+4}
Stlth   ..........              l - amulet of regeneration
HPRegen 1.10/turn               r - ring of Lies {Contam rF+ Int+8 Dex+3}
MPRegen 0.14/turn               i - +6 ring of strength

@: exhausted, heavily drained
A: horns 2, no stealth, inability to use devices, hated by all, inexperienced 1,
missing an eye, retaliatory headbutt, dopey 1
a: Renounce Religion, Draw Out Power, Power Leap, Apocalypse


You were on level 2 of the Orcish Mines.
You worshipped Ru.
Ru was exalted by your worship.
You visited 3 branches of the dungeon, and saw 22 of its levels.
You visited the Abyss 1 time.
You also visited: Ossuary and Gauntlet.

You collected 3679 gold pieces.
You spent 2035 gold pieces at shops.


Innate Abilities, Weirdness & Mutations

You have a pair of horns on your head.
You cannot be stealthy.
You cannot study or use magical devices.
You are hated by all.
You are somewhat inexperienced. (-1 XL)
You are missing an eye, making it more difficult to aim.
You reflexively headbutt those who attack you in melee.
You are dopey. (Int -2)


   Skills:
 - Level 16.3 Fighting
 - Level 19.0 Axes
 - Level 7.0 Throwing
 - Level 14.0 Armour
 + Level 9.6 Dodging
 - Level 18.9 Shields


You had 14 spell levels left.
You didn't know any spells.
Your spell library was empty.

Inventory:

Hand Weapons
 b - a +2 broad axe of electrocution (weapon)
 z - a +0 eveningstar of draining
Missiles
 c - 28 boomerangs
 o - 3 silver boomerangs (quivered)
 y - a javelin
Armour
 h - the +0 pair of boots of Zin's Hope {Will+}
   (You found it in a Gauntlet)

   Will:      It increases your willpower.
 j - a +2 pair of gloves (worn)
 k - a +0 plate armour (worn)
 m - a +1 cloak (worn)
 p - the +0 pair of boots of Death's Door (worn) {rF+ rC+ Dex+4}
   (You found it on level 3 of the Dungeon)

   Dex:       It affects your dexterity (+4).
   rF:        It protects you from fire.
   rC:        It protects you from cold.
 s - +0 fire dragon scales
 v - a +1 tower shield of protection (worn)
 w - a +0 hat of see invisible (worn)
Jewellery
 a - a ring of see invisible
 i - a +6 ring of strength (right hand)
 l - an amulet of regeneration (around neck)
 q - a ring of protection from cold
 r - the ring of Lies (left hand) {Contam rF+ Int+8 Dex+3}
   (You took it off a minotaur in a Gauntlet)

   [ring of protection from fire]

   Int:       It affects your intelligence (+8).
   Dex:       It affects your dexterity (+3).
   rF:        It protects you from fire.
   Contam:    It causes magical contamination when unequipped.
 t - a +2 ring of slaying {mikee}
 u - a +4 ring of protection
 x - the ring "Dafaimudgh" {Will+ Int+2 SInv}
   (You found it on level 5 of the Lair of Beasts)

   [ring of willpower]

   Int:       It affects your intelligence (+2).
   SInv:      It lets you see invisible.
   Will:      It increases your willpower.
 A - the ring of Suckyrui {rF+ rC+ AC+4 Str+3}
   (You bought it in a shop on level 2 of the Orcish Mines)

   [ring of protection]

   AC:        It affects your AC (+4).
   Str:       It affects your strength (+3).
   rF:        It protects you from fire.
   rC:        It protects you from cold.
Scrolls
 g - 15 scrolls of identify
Potions
 d - 8 potions of might
 e - 14 potions of curing
 f - 7 potions of mutation
 n - 9 potions of heal wounds

Dungeon Overview and Level Annotations

Branches:
Dungeon (15/15)            Temple (0/1) D:6            Lair (5/5) D:11
 Shoals (0/4) Lair:2       Spider (0/4) Lair:3        Slime (0/5) Lair:4
    Orc (2/2) D:9             Elf (0/3) Orc:2        Vaults (0/5) D:13
 Depths (0/4) D:15        Ossuary (visited)         Gauntlet (visited)

Altars:
Ashenzari
Elyvilon
Gozag
Makhleb
Okawaru
Qazlal
Ru
The Shining One

Shops:
D:10 =   Orc:1 :   Orc:2 *[!=

Annotations:
D:12 2 runed translucent doors
Lair:4 2 transporters
Orc:1 1 transporter


Message History

You block the orc warrior's attack.
You completely miss the orc priest. Your headbutt misses the orc priest.
The orc priest is almost dead.
The orc sorcerer no longer looks unusually strong.
You slash the orc priest!
Lightning courses through the orc priest!
You kill the orc priest!
You block the orc warrior's attack.
The orc high priest mumbles some strange prayers to Beogh.
You redirect the orc wizard's attack!
The orc priest mumbles some strange prayers to Beogh against you.
Beogh smites you!
The orc priest mumbles some strange prayers to Beogh against you.
Beogh smites you!
24565 ||| DRINKING 10 potions of heal wounds.
You feel much better. You block the orc warrior's attack.
You block the orc high priest's attack.
The orc priest mumbles some strange prayers to Beogh against you.
Beogh smites you!
The orc knight roars a battlecry!
The orc sorcerer goes into a battle-frenzy!
The orc priest begins to pray, but is stunned by your conviction!
The orc wizard barely misses you. You furiously retaliate!
You headbutt the orc wizard.
You redirect the orc sorcerer's attack!
You redirect the ice devil's attack!
The ice devil barely misses the orc wizard.
You slice the orc wizard like a ripe choko!!!
You kill the orc wizard!
You miss the ice devil. You block the orc warrior's attack.
The orc high priest hits you from afar with a +0 halberd.
The orc priest begins to pray, but is stunned by your conviction!
You closely miss the orc knight.
The orc knight is lightly wounded.
You slice the ice devil!! You hit the orc sorcerer.
Lightning courses through the orc sorcerer!
The ice devil hits you but does no damage.
You block the orc warrior's attack. You block the orc high priest's attack.
The orc knight hits you with a +2 vorpal great sword!!!
You die...

.........................).......
...........................))....
...........................).....
.................................
.................................
................$................
..............)..................
...............)))....^..........
..............o4@................
############...oo############....
# #....oooo #....


#...oooooo #.... #..).oooo.# #.... #.))...o..# #.... #....)....# ........... You
could see an orc warlord (strong), 2 orc knights, an orc high priest (strong),
an ice devil (summoned), an orc sorcerer (strong), 3 orc warriors, 4 orc
priests, 2 orc wizards and 4 orcs.

Vanquished Creatures
  A dread lich (Abyss:2)
  3 tentacled starspawn (Abyss:2)
  Gastronok (Lair:2)
  A fire giant (D:14)
  A very ugly thing (D:14)
  3 dire elephants (Lair:5)
  A minotaur (Gauntlet)
  A fire dragon (D:15)
  2 ettins
  Fannar (Lair:1)
  A rakshasa (Abyss:2)
  7 hydras
  An ice dragon (D:15)
  3 boulder beetles
  An ogre mage (D:13)
  7 centaur warriors
  A catoblepas (Gauntlet)
  Erolcha (D:10)
  Erica (Lair:2)
  A death knight (D:15)
  6 death yaks
  5 two-headed ogres
  3 orc high priests (Orc:2)
  A thrashing horror (Abyss:2)
  Sonja (Orc:1)
  A deep elf knight (D:13)
  A spectral death yak (Lair:5)
  3 wretched stars
  2 skeletal warriors (D:15)
  A spectral anaconda (Lair:5)
  2 wizards
  Pikel (D:5)
  An obsidian statue (Lair:5)
  3 necromancers (Lair:5)
  A harpy (shapeshifter) (D:14)
  A phantasmal warrior (D:15)
  5 orc knights
  A deep elf zephyrmancer (D:13)
  2 orc sorcerers (Orc:2)
  A wolf spider (Gauntlet)
  6 deep elf pyromancers
  7 manticores
  9 cyclopes
  18 ugly things
  A manticore (shapeshifter) (D:9)
  24 elephants
  A merfolk siren (Lair:2)
  A dire elephant zombie (Lair:5)
  3 black mambas
  4 gargoyles
  A guardian serpent (shapeshifter) (D:14)
  A molten gargoyle (Gauntlet)
  A smoke demon (Abyss:2)
  9 cane toads
  An unseen horror (D:13)
  A rime drake (Lair:2)
  A hellion (Abyss:2)
  2 kobold demonologists (D:11)
  2 dire elephant skeletons (Lair:5)
  4 efreet
  4 komodo dragons
  3 freezing wraiths
  5 trolls
  A polar bear (shapeshifter) (D:15)
  A meliai (D:14)
  24 blink frogs
  2 spectral elephants (Lair:5)
  2 raiju (Abyss:2)
  Prince Ribbit (D:5)
  A slime creature (D:14)
  Sigmund (D:5)
  4 culicivoras (Lair:3)
  A jumping spider (Lair:3)
  3 wraiths
  50 yaks
  A centaur simulacrum (D:14)
  2 vampires
  5 wyverns
  7 basilisks
  Eustachio (D:5)
  A neqoxec (Abyss:2)
  An alligator snapping turtle simulacrum (Abyss:2)
  2 redbacks
  A death yak simulacrum (Lair:5)
  3 chaos spawn (Abyss:2)
  3 steam dragons
  8 vampire mosquitoes
  2 small abominations
  2 spectral cane toads (Lair:5)
  Menkaure (Ossuary)
  4 acid dragons
  16 water moccasins
  2 sky beasts (D:7)
  27 orc warriors
  Duvessa (D:4)
  An elephant zombie (Lair:5)
  4 ice beasts
  11 ogres
  14 wolves
  A boggart (D:13)
  18 centaurs
  2 elephant skeletons (Lair:5)
  4 lemures (D:5)
  9 kobold brigands
  A necrophage (D:7)
  2 elf zombies (Ossuary)
  12 bullfrogs
  A gnoll sergeant (D:6)
  A cane toad simulacrum (Lair:5)
  3 wights (D:9)
  Dowan (D:4)
  A hornet simulacrum (D:14)
  15 killer bees
  A troll zombie (Ossuary)
  2 elephant simulacra (Lair:5)
  2 howler monkeys
  An electric eel (D:15)
  A centaur zombie (Ossuary)
  5 hounds
  An iron imp (Abyss:2)
  2 jellies
  A human zombie (Ossuary)
  24 orc priests
  Jessica (D:2)
  7 iguanas
  33 orc wizards
  3 ogre zombies (Ossuary)
  6 mummies (Ossuary)
  10 adders
  6 gnolls
  A river rat (D:5)
  2 white imps
  2 ufetubi
  4 adder zombies (Ossuary)
  5 worms
  2 dart slugs
  94 orcs
  5 endoplasms
  2 giant cockroaches
  9 goblins
  8 hobgoblins
  5 jackals
  4 quokkas
  7 ball pythons
  6 bats
  6 frilled lizards
  2 goblin zombies (Ossuary)
  6 hobgoblin zombies (Ossuary)
  8 kobolds
  5 kobold zombies (Ossuary)
  3 quokka zombies (Ossuary)
  13 rats
  2 rat zombies (Ossuary)
  6 starspawn tentacles (Abyss:2)
785 creatures vanquished.

Vanquished Creatures (others)
  An entropy weaver (Gauntlet)
  A hydra (D:13)
  A centaur warrior (D:14)
  A skeletal warrior (D:15)
  2 ugly things
  An elephant (Lair:3)
  A gargoyle (D:11)
  An unseen horror (D:9)
  Maggie (D:8)
  2 blink frogs (Lair:2)
  A jumping spider (Lair:3)
  A yak (Lair:3)
  A basilisk (Lair:5)
  A small abomination (Abyss:2)
  A water moccasin (Lair:1)
  A kobold brigand (D:13)
  A bullfrog (D:9)
  An orc wizard (D:9)
  33 fungi
  30 plants
  3 starspawn tentacles (Abyss:2)
  26 withered plants (Lair:5)
112 creatures vanquished.

Grand Total: 897 creatures vanquished

Notes
Turn   | Place    | Note
-------+----------+-------------------------------------------
     0 | D:1      | qw the Minotaur Fighter began the quest for the Orb.
     0 | D:1      | Reached XP level 1. HP: 19/19 MP: 0/0
     0 | D:1      | 0 ||| qw: Version: 0.1-a-104-g96f76f8
     0 | D:1      | 0 ||| qw: Game counter: 5960
     0 | D:1      | 0 ||| qw: Always use a shield: true
     0 | D:1      | 0 ||| qw: God list: Ru
     0 | D:1      | 0 ||| qw: Allow faded altars: false
     0 | D:1      | 0 ||| qw: Do Orc after D:15 true
     0 | D:1      | 0 ||| qw: Do second Lair branch before Depths: true
     0 | D:1      | 0 ||| qw: Lair rune preference: random
     0 | D:1      | 0 ||| qw: Plans: Normal
     0 | D:1      | 0 ||| PLANNING D:1-11
   176 | D:1      | Reached skill level 3 in Axes
   236 | D:1      | Reached XP level 2. HP: 26/26 MP: 1/1
   256 | D:1      | 256 ||| Stepping ~*~*~tactically~*~*~ (stealth).
   556 | D:1      | Reached skill level 4 in Axes
   728 | D:1      | 728 ||| UPGRADING to amulet of regeneration.
   733 | D:1      | 733 ||| READING scroll labelled CAIMPAU JEUCUT.
   737 | D:1      | 737 ||| READING 4 scrolls labelled VOTAWA NIREOW.
   738 | D:1      | 738 ||| READING 2 scrolls labelled GONOASHR NOAL.
   751 | D:1      | 751 ||| READING 3 scrolls labelled AJACWUUMMA.
   752 | D:1      | 752 ||| READING 3 scrolls of identify.
   752 | D:1      | 752 ||| IDENTIFYING bubbling yellow potion
   753 | D:1      | 753 ||| READING 2 scrolls of identify.
   753 | D:1      | 753 ||| IDENTIFYING purple potion
   754 | D:1      | 754 ||| DROPPING potion of berserk rage.
   755 | D:1      | 755 ||| DROPPING potion of magic.
   756 | D:1      | 756 ||| DROPPING scroll of torment.
   757 | D:1      | 757 ||| DROPPING 2 scrolls of blinking.
   769 | D:2      | 769 ||| STAIRDANCE
   774 | D:2      | 774 ||| STAIRDANCE
   792 | D:2      | Reached XP level 3. HP: 31/31 MP: 2/2
   844 | D:2      | 844 ||| Stepping ~*~*~tactically~*~*~ (stealth).
   853 | D:2      | 853 ||| Stepping ~*~*~tactically~*~*~ (stealth).
   859 | D:2      | 859 ||| Stepping ~*~*~tactically~*~*~ (stealth).
   874 | D:2      | 874 ||| Stepping ~*~*~tactically~*~*~ (stealth).
   875 | D:2      | 875 ||| Stepping ~*~*~tactically~*~*~ (stealth).
   955 | D:2      | 955 ||| Stepping ~*~*~tactically~*~*~ (stealth).
   993 | D:2      | Noticed Jessica
   994 | D:2      | 994 ||| Stepping ~*~*~tactically~*~*~ (hiding).
   996 | D:2      | 996 ||| Stepping ~*~*~tactically~*~*~ (hiding).
   998 | D:2      | Killed Jessica
   999 | D:2      | Reached skill level 5 in Axes
   999 | D:2      | Reached XP level 4. HP: 36/39 MP: 3/3
  1109 | D:2      | Found a faded altar of an unknown god.
  1188 | D:2      | Reached skill level 1 in Dodging
  1427 | D:2      | 1427 ||| UPGRADING to +1 ring mail of fire resistance.
  1437 | D:2      | 1437 ||| UPGRADING to ring of positive energy.
  1438 | D:2      | 1438 ||| UPGRADING to ring of resist corrosion.
  1439 | D:2      | 1439 ||| READING scroll labelled LENOCI USUBO.
  1585 | D:3      | Found a burning altar of Makhleb.
  1746 | D:3      | 1746 ||| Stepping ~*~*~tactically~*~*~ (hiding).
  1779 | D:3      | 1779 ||| Stepping ~*~*~tactically~*~*~ (stealth).
  1781 | D:3      | 1781 ||| Stepping ~*~*~tactically~*~*~ (stealth).
  1835 | D:3      | Reached skill level 6 in Axes
  1867 | D:3      | Found an iron altar of Okawaru.
  1957 | D:3      | Found an opulent altar of Gozag.
  2043 | D:3      | Reached XP level 5. HP: 41/45 MP: 4/4
  2062 | D:3      | Identified the +0 pair of boots of Death's Door {rF+ rC+
                  | Dex+4}
  2161 | D:3      | Found a glowing golden altar of the Shining One.
  2164 | D:3      | 2164 ||| UPGRADING to +0 pair of boots of Death's Door {rF+
                  | rC+ Dex+4}.
  2169 | D:3      | 2169 ||| DROPPING ring of wizardry.
  2170 | D:3      | 2170 ||| READING 3 scrolls labelled HUISYM CAUNOKKE.
  2171 | D:3      | 2171 ||| DRINKING 2 puce potions.
  2172 | D:3      | 2172 ||| READING 3 scrolls of identify.
  2172 | D:3      | 2172 ||| IDENTIFYING glowing pink potion
  2173 | D:3      | 2173 ||| READING 2 scrolls of identify.
  2173 | D:3      | 2173 ||| IDENTIFYING red potion
  2174 | D:3      | 2174 ||| DROPPING potion of attraction.
  2175 | D:3      | 2175 ||| DROPPING 2 scrolls of magic mapping.
  2218 | D:4      | 2218 ||| Stepping ~*~*~tactically~*~*~ (stealth).
  2219 | D:4      | 2219 ||| Stepping ~*~*~tactically~*~*~ (stealth).
  2224 | D:4      | 2224 ||| Stepping ~*~*~tactically~*~*~ (stealth).
  2295 | D:4      | Noticed Duvessa
  2295 | D:4      | Noticed Dowan
  2296 | D:4      | 2296 ||| Stepping ~*~*~tactically~*~*~ (hiding).
  2298 | D:4      | 2298 ||| Stepping ~*~*~tactically~*~*~ (hiding).
  2309 | D:4      | Killed Duvessa
  2310 | D:4      | Reached skill level 7 in Axes
  2310 | D:4      | Reached XP level 6. HP: 48/51 MP: 5/5
  2316 | D:4      | Killed Dowan
  2407 | D:4      | Found a hazy altar of Hepliaklqana.
  2409 | D:4      | 2409 ||| Stepping ~*~*~tactically~*~*~ (stealth).
  2410 | D:4      | 2410 ||| Stepping ~*~*~tactically~*~*~ (stealth).
  2427 | D:4      | Reached skill level 8 in Axes
  2586 | D:4      | 2586 ||| Stepping ~*~*~tactically~*~*~ (stealth).
  2595 | D:4      | 2595 ||| Stepping ~*~*~tactically~*~*~ (stealth).
  2603 | D:4      | Reached skill level 3 in Dodging
  2702 | D:4      | Reached XP level 7. HP: 59/59 MP: 6/6
  2751 | D:4      | Found a sacrificial altar of Ru.
  2759 | D:4      | Became a worshipper of Ru the Awakened
  2899 | D:4      | 2899 ||| DROPPING +0 scale mail.
  2900 | D:4      | 2900 ||| UPGRADING to +0 chain mail.
  2910 | D:4      | 2910 ||| UPGRADING to +0 tower shield.
  2920 | D:4      | 2920 ||| DROPPING +0 buckler.
  2921 | D:4      | 2921 ||| READING scroll labelled YRIGATEROI.
  3022 | D:4      | 3022 ||| READING scroll labelled UXKOMI TINLAIZ.
  3023 | D:4      | 3023 ||| READING scroll labelled XALEIROUSK.
  3024 | D:4      | 3024 ||| DRINKING 2 fuming ruby potions.
  3025 | D:4      | 3025 ||| DRINKING 2 lumpy silvery potions.
  3072 | D:4      | 3072 ||| DROPPING potion of lignification.
  3124 | D:5      | Entered Level 5 of the Dungeon
  3125 | D:5      | 3125 ||| PLANNING SEWER
  3135 | D:5      | 3135 ||| Stepping ~*~*~tactically~*~*~ (hiding).
  3162 | D:5      | 3162 ||| Stepping ~*~*~tactically~*~*~ (hiding).
  3188 | D:5      | 3188 ||| Stepping ~*~*~tactically~*~*~ (stealth).
  3192 | D:5      | 3192 ||| Stepping ~*~*~tactically~*~*~ (stealth).
  3214 | D:5      | 3214 ||| Stepping ~*~*~tactically~*~*~ (stealth).
  3215 | D:5      | 3215 ||| Stepping ~*~*~tactically~*~*~ (stealth).
  3219 | D:5      | Noticed Eustachio
  3223 | D:5      | 3223 ||| Stepping ~*~*~tactically~*~*~ (hiding).
  3226 | D:5      | 3226 ||| Stepping ~*~*~tactically~*~*~ (hiding).
  3234 | D:5      | Killed Eustachio
  3377 | D:5      | Reached skill level 6 in Shields
  3383 | D:5      | 3383 ||| DROPPING +0 club.
  3530 | D:5      | 3530 ||| DROPPING +0 whip.
  3533 | D:5      | 3533 ||| Stepping ~*~*~tactically~*~*~ (hiding).
  3534 | D:5      | 3534 ||| Stepping ~*~*~tactically~*~*~ (hiding).
  3536 | D:5      | 3536 ||| Stepping ~*~*~tactically~*~*~ (hiding).
  3538 | D:5      | 3538 ||| Stepping ~*~*~tactically~*~*~ (hiding).
  3672 | D:5      | 3672 ||| Stepping ~*~*~tactically~*~*~ (stealth).
  3676 | D:5      | 3676 ||| Stepping ~*~*~tactically~*~*~ (stealth).
  3677 | D:5      | 3677 ||| Stepping ~*~*~tactically~*~*~ (stealth).
  3678 | D:5      | 3678 ||| Stepping ~*~*~tactically~*~*~ (stealth).
  3686 | D:5      | 3686 ||| SWAPPING to +0 vampiric hand axe.
  3687 | D:5      | 3687 ||| DROPPING +1 vorpal war axe.
  3696 | D:5      | Noticed Sigmund
  3701 | D:5      | 3701 ||| DRINKING potion of curing.
  3701 | D:5      | 3701 ||| (to cure confusion)
  3714 | D:5      | Killed Sigmund
  3715 | D:5      | Reached XP level 8. HP: 66/66 MP: 7/7
  3726 | D:5      | Noticed Prince Ribbit
  3752 | D:5      | Killed Prince Ribbit
  3753 | D:5      | Reached skill level 9 in Shields
  3810 | D:5      | 3810 ||| RIP SEWER
  3817 | D:5      | 3817 ||| PLANNING D:1-11
  3829 | D:5      | 3829 ||| FLEEEEING.
  3830 | D:5      | 3830 ||| FLEEEEING.
  3831 | D:5      | 3831 ||| FLEEEEING.
  3837 | D:5      | 3837 ||| FLEEEEING.
  3838 | D:5      | 3838 ||| FLEEEEING.
  3839 | D:5      | 3839 ||| FLEEEEING.
  3840 | D:5      | 3840 ||| FLEEEEING.
  3847 | D:5      | 3847 ||| FLEEEEING.
  3848 | D:5      | 3848 ||| FLEEEEING.
  3856 | D:5      | Noticed Pikel
  3857 | D:5      | 3857 ||| Stepping ~*~*~tactically~*~*~ (stealth).
  3897 | D:5      | Found a stormy altar of Qazlal.
  3928 | D:5      | 3928 ||| Stepping ~*~*~tactically~*~*~ (stealth).
  3929 | D:5      | 3929 ||| Stepping ~*~*~tactically~*~*~ (stealth).
  3949 | D:5      | Killed Pikel
  4070 | D:5      | 4070 ||| Stepping ~*~*~tactically~*~*~ (stealth).
  4199 | D:5      | 4199 ||| READING scroll labelled UMER DIFIPS.
  4200 | D:5      | 4200 ||| READING scroll labelled LOUFUS KEBAIDD.
  4306 | D:6      | 4306 ||| Stepping ~*~*~tactically~*~*~ (hiding).
  4466 | D:6      | Noticed a cyclops
  4467 | D:6      | 4467 ||| FLEEEEING.
  4473 | D:6      | 4473 ||| FLEEEEING.
  4474 | D:6      | 4474 ||| FLEEEEING.
  4475 | D:6      | 4475 ||| FLEEEEING.
  4497 | D:6      | 4497 ||| INVOKING Sacrifice Love.
  4497 | D:6      | Gained mutation: You are hated by all. [Ru sacrifice]
  4497 | D:6      | Reached * piety under Ru
  4497 | D:6      | Reached ** piety under Ru
  4661 | D:6      | Found a staircase to the Ecumenical Temple.
  4684 | D:6      | 4684 ||| Stepping ~*~*~tactically~*~*~ (stealth).
  4692 | D:6      | Reached skill level 9 in Axes
  4692 | D:6      | Reached XP level 9. HP: 56/71 MP: 8/8
  4695 | D:6      | 4695 ||| Stepping ~*~*~tactically~*~*~ (stealth).
  4898 | D:6      | Killed a cyclops
  4899 | D:6      | Reached skill level 10 in Axes
  5034 | D:6      | 5034 ||| UPGRADING to +6 ring of strength.
  5036 | D:6      | 5036 ||| READING scroll labelled SUDOHE HICRUNA.
  5037 | D:6      | 5037 ||| READING scroll labelled SEQAECASUC.
  5137 | D:7      | 5137 ||| PLANNING OSSUARY
  5149 | D:7      | Reached skill level 1 in Throwing
  5269 | D:7      | Found a sand-covered staircase.
  5270 | D:7      | 5270 ||| READING scroll labelled ROMIASUPHI.
  5278 | Ossuary  | Entered an ossuary
  5362 | Ossuary  | 5362 ||| Stepping ~*~*~tactically~*~*~ (stealth).
  5433 | Ossuary  | Reached skill level 6 in Fighting
  5638 | Ossuary  | Noticed Menkaure
  5650 | Ossuary  | Killed Menkaure
  5651 | Ossuary  | Reached skill level 11 in Axes
  5716 | Ossuary  | 5716 ||| UPGRADING to ring of see invisible.
  5718 | Ossuary  | 5718 ||| UPGRADING to +6 ring of strength.
  5720 | Ossuary  | 5720 ||| DRINKING 2 silvery potions.
  5721 | Ossuary  | 5721 ||| DRINKING 2 smoky silvery potions.
  5722 | Ossuary  | 5722 ||| READING 5 scrolls of identify.
  5722 | Ossuary  | 5722 ||| IDENTIFYING fizzy white potion
  5723 | Ossuary  | 5723 ||| READING 4 scrolls of identify.
  5723 | Ossuary  | 5723 ||| IDENTIFYING pink potion
  5724 | Ossuary  | 5724 ||| DROPPING potion of flight.
  5725 | Ossuary  | 5725 ||| DROPPING potion of brilliance.
  5726 | Ossuary  | 5726 ||| DROPPING potion of degeneration.
  5738 | D:7      | 5738 ||| PLANNING D:1-11
  5954 | D:7      | 5954 ||| DRINKING 3 potions of curing.
  5954 | D:7      | 5954 ||| (to cure confusion)
  5967 | D:7      | 5967 ||| Stepping ~*~*~tactically~*~*~ (stealth).
  5984 | D:7      | 5984 ||| UPGRADING to +1 cloak.
  5989 | D:7      | 5989 ||| DRINKING 2 fizzy orange potions.
  5989 | D:7      | Reached XP level 10. HP: 83/83 MP: 9/9
  5990 | D:7      | 5990 ||| DRINKING potion of experience.
  5990 | D:7      | Reached skill level 14 in Axes
  5990 | D:7      | Reached XP level 11. HP: 89/89 MP: 10/10
  5991 | D:7      | 5991 ||| READING scroll of teleportation.
  5998 | D:7      | 5998 ||| Stepping ~*~*~tactically~*~*~ (stealth).
  6000 | D:7      | 6000 ||| Stepping ~*~*~tactically~*~*~ (hiding).
  6001 | D:7      | 6001 ||| Stepping ~*~*~tactically~*~*~ (hiding).
  6133 | D:7      | 6133 ||| Stepping randomly (stuck).
  6246 | D:7      | 6246 ||| Stepping ~*~*~tactically~*~*~ (hiding).
  6275 | D:7      | 6275 ||| FLEEEEING.
  6299 | D:7      | 6299 ||| Stepping ~*~*~tactically~*~*~ (stealth).
  6300 | D:7      | 6300 ||| Stepping ~*~*~tactically~*~*~ (stealth).
  6317 | D:7      | 6317 ||| Stepping ~*~*~tactically~*~*~ (stealth).
  6738 | D:7      | 6738 ||| INVOKING Sacrifice an Eye.
  6738 | D:7      | Gained mutation: You are missing an eye, making it more
                  | difficult to aim. [Ru sacrifice]
  6738 | D:7      | Reached *** piety under Ru
  6739 | D:7      | 6739 ||| READING scroll of enchant weapon.
  6739 | D:7      | 6739 ||| ENCHANTING +0 vampiric hand axe.
  6740 | D:7      | 6740 ||| Stepping randomly (stuck).
  6796 | D:8      | 6796 ||| STAIRDANCE
  6912 | D:8      | 6912 ||| DROPPING +0 flail.
  6962 | D:8      | Reached XP level 12. HP: 100/100 MP: 11/11
  6983 | D:8      | Noticed Maggie
  7011 | D:8      | Killed Maggie
  7315 | D:8      | 7315 ||| Stepping ~*~*~tactically~*~*~ (stealth).
  7317 | D:8      | 7317 ||| Stepping ~*~*~tactically~*~*~ (stealth).
  7568 | D:8      | Found a white marble altar of Elyvilon.
  7596 | D:8      | 7596 ||| Stepping ~*~*~tactically~*~*~ (hiding).
  7706 | D:8      | 7706 ||| DROPPING +1 ring mail of fire resistance.
  7707 | D:8      | 7707 ||| UPGRADING to +0 plate armour.
  7717 | D:8      | 7717 ||| DROPPING +0 chain mail.
  7735 | D:9      | 7735 ||| STAIRDANCE
  7749 | D:9      | 7749 ||| STAIRDANCE
  7764 | D:9      | 7764 ||| STAIRDANCE
  7774 | D:9      | Reached skill level 6 in Armour
  7796 | D:9      | 7796 ||| Stepping ~*~*~tactically~*~*~ (hiding).
  7797 | D:9      | 7797 ||| Stepping ~*~*~tactically~*~*~ (hiding).
  7816 | D:9      | 7816 ||| Stepping ~*~*~tactically~*~*~ (stealth).
  7845 | D:9      | 7845 ||| Stepping ~*~*~tactically~*~*~ (hiding).
  7863 | D:9      | 7863 ||| Stepping ~*~*~tactically~*~*~ (stealth).
  7982 | D:9      | Found a runed translucent door.
  8070 | D:9      | 8070 ||| Stepping ~*~*~tactically~*~*~ (stealth).
  8086 | D:9      | 8086 ||| Stepping ~*~*~tactically~*~*~ (stealth).
  8088 | D:9      | 8088 ||| Stepping ~*~*~tactically~*~*~ (hiding).
  8096 | D:9      | 8096 ||| Stepping ~*~*~tactically~*~*~ (hiding).
  8105 | D:9      | Reached skill level 15 in Axes
  8108 | D:9      | 8108 ||| Stepping ~*~*~tactically~*~*~ (stealth).
  8253 | D:9      | 8253 ||| Stepping ~*~*~tactically~*~*~ (stealth).
  8260 | D:9      | 8260 ||| Stepping ~*~*~tactically~*~*~ (stealth).
  8264 | D:9      | 8264 ||| Stepping ~*~*~tactically~*~*~ (hiding).
  8265 | D:9      | 8265 ||| Stepping ~*~*~tactically~*~*~ (hiding).
  8290 | D:9      | 8290 ||| INVOKING Sacrifice Artifice.
  8290 | D:9      | Gained mutation: You cannot study or use magical devices.
                  | [Ru sacrifice]
  8290 | D:9      | Reached **** piety under Ru
  8290 | D:9      | Reached ***** piety under Ru
  8292 | D:9      | Found a staircase to the Orcish Mines.
  8293 | D:9      | 8293 ||| Stepping ~*~*~tactically~*~*~ (hiding).
  8394 | D:9      | 8394 ||| Stepping ~*~*~tactically~*~*~ (stealth).
  8488 | D:9      | Identified the +7 hand axe of Offence {holy, Fragile rN+
                  | Int+2 Dex+2}
  8590 | D:9      | 8590 ||| Stepping randomly (stuck).
  8598 | D:9      | Reached skill level 9 in Fighting
  8630 | D:9      | 8630 ||| INVOKING Apocalypse.
  8734 | D:10     | Entered Level 10 of the Dungeon
  8735 | D:10     | Noticed a two-headed ogre
  8745 | D:10     | Killed a two-headed ogre
  8753 | D:10     | Noticed Erolcha
  8754 | D:10     | 8754 ||| INVOKING Apocalypse.
  8754 | D:10     | Killed Erolcha
  8782 | D:10     | 8782 ||| FLEEEEING.
  8783 | D:10     | 8783 ||| FLEEEEING.
  8784 | D:10     | 8784 ||| FLEEEEING.
  8785 | D:10     | 8785 ||| STAIRDANCE
  8877 | D:10     | 8877 ||| Stepping ~*~*~tactically~*~*~ (stealth).
  8899 | D:10     | 8899 ||| READING scroll of enchant weapon.
  8899 | D:10     | 8899 ||| ENCHANTING +1 vampiric hand axe.
  8942 | D:10     | 8942 ||| Stepping ~*~*~tactically~*~*~ (hiding).
  8943 | D:10     | 8943 ||| Stepping ~*~*~tactically~*~*~ (hiding).
  8945 | D:10     | 8945 ||| Stepping ~*~*~tactically~*~*~ (hiding).
  9065 | D:10     | 9065 ||| Stepping ~*~*~tactically~*~*~ (hiding).
  9067 | D:10     | 9067 ||| Stepping ~*~*~tactically~*~*~ (hiding).
  9145 | D:10     | Found Imaucez's One-of-a-Kind Rings.
  9147 | D:10     | 9147 ||| Stepping ~*~*~tactically~*~*~ (stealth).
  9149 | D:10     | 9149 ||| Stepping ~*~*~tactically~*~*~ (stealth).
  9151 | D:10     | 9151 ||| Stepping ~*~*~tactically~*~*~ (stealth).
  9154 | D:10     | 9154 ||| Stepping ~*~*~tactically~*~*~ (stealth).
  9192 | D:10     | 9192 ||| BUYING +1 ring of evasion (45 gold).
  9192 | D:10     | Bought a +1 ring of evasion for 45 gold pieces
  9192 | D:10     | 9192 ||| BUYING +2 ring of slaying (315 gold).
  9192 | D:10     | Bought a +2 ring of slaying for 315 gold pieces
  9192 | D:10     | 9192 ||| SHOPLISTING ring "Gepismue" {rElec rC+ Will+
                  | Int+4} (795 gold, have 445).
  9192 | D:10     | 9192 ||| SHOPLISTING ring of Undoing {*Slow rN++ Will+
                  | Int+2 SInv} (550 gold, have 445).
  9211 | D:10     | 9211 ||| Stepping ~*~*~tactically~*~*~ (stealth).
  9307 | D:10     | Reached skill level 9 in Armour
  9498 | D:10     | 9498 ||| UPGRADING to +0 pair of gloves.
  9503 | D:10     | 9503 ||| DROPPING +6 ring of intelligence.
  9504 | D:10     | 9504 ||| DROPPING +1 ring of evasion.
  9505 | D:10     | 9505 ||| DROPPING ring of positive energy.
  9506 | D:10     | 9506 ||| DROPPING ring of resist corrosion.
  9541 | D:11     | 9541 ||| PLANNING GAUNTLET
  9541 | D:11     | 9541 ||| STAIRDANCE
  9551 | D:11     | 9551 ||| STAIRDANCE
  9559 | D:11     | 9559 ||| STAIRDANCE
  9585 | D:11     | Found a gate leading to a gauntlet.
  9616 | Gauntlet | Entered a Gauntlet
  9616 | Gauntlet | Found a transporter.
  9616 | Gauntlet | Found a transporter.
  9617 | Gauntlet | Found a transporter.
  9619 | Gauntlet | Noticed an entropy weaver
  9620 | Gauntlet | Found a transporter.
  9621 | Gauntlet | Found a transporter.
  9631 | Gauntlet | Found a transporter.
  9637 | Gauntlet | Found a transporter.
  9643 | Gauntlet | Found a transporter.
  9653 | Gauntlet | Noticed a catoblepas
  9656 | Gauntlet | Found a transporter.
  9678 | Gauntlet | Found a transporter.
  9703 | Gauntlet | Found a transporter.
  9773 | Gauntlet | Found a transporter.
  9805 | Gauntlet | 9805 ||| INVOKING Apocalypse.
  9826 | Gauntlet | 9826 ||| DRINKING potion of cancellation.
  9833 | Gauntlet | Killed an entropy weaver
  9905 | Gauntlet | 9905 ||| DROPPING amulet of the acrobat.
  9926 | Gauntlet | 9926 ||| INVOKING Apocalypse.
  9928 | Gauntlet | Killed a catoblepas
  9994 | Gauntlet | 9994 ||| DROPPING +1 flail of venom.
 10000 | Gauntlet | Identified the +0 pair of boots of Zin's Hope {Will+}
 10011 | Gauntlet | Identified the ring of Lies {Contam rF+ Int+8 Dex+3}
 10011 | Gauntlet | Noticed a minotaur
 10012 | Gauntlet | 10012 ||| Stepping ~*~*~tactically~*~*~ (hiding).
 10016 | Gauntlet | 10016 ||| INVOKING Apocalypse.
 10021 | Gauntlet | Killed a minotaur
 10022 | Gauntlet | Reached XP level 13. HP: 91/98 MP: 3/12
 10122 | Gauntlet | 10122 ||| UPGRADING to +1 tower shield of protection.
 10132 | Gauntlet | 10132 ||| DROPPING +0 tower shield.
 10133 | Gauntlet | 10133 ||| DROPPING ring of flight.
 10148 | D:11     | 10148 ||| PLANNING D:1-11
 10157 | D:11     | Found a staircase to the Lair.
 10267 | D:11     | 10267 ||| Stepping ~*~*~tactically~*~*~ (stealth).
 10268 | D:11     | 10268 ||| Stepping ~*~*~tactically~*~*~ (stealth).
 10283 | D:11     | 10283 ||| Stepping ~*~*~tactically~*~*~ (stealth).
 10342 | D:11     | Reached skill level 3 in Throwing
 10418 | D:11     | 10418 ||| Stepping ~*~*~tactically~*~*~ (stealth).
 10422 | D:11     | 10422 ||| Stepping ~*~*~tactically~*~*~ (stealth).
 10432 | D:11     | 10432 ||| Stepping ~*~*~tactically~*~*~ (stealth).
 10436 | D:11     | 10436 ||| Stepping ~*~*~tactically~*~*~ (hiding).
 10478 | D:11     | 10478 ||| Stepping ~*~*~tactically~*~*~ (stealth).
 10483 | D:11     | 10483 ||| Stepping ~*~*~tactically~*~*~ (stealth).
 10484 | D:11     | 10484 ||| Stepping ~*~*~tactically~*~*~ (stealth).
 10485 | D:11     | 10485 ||| Stepping ~*~*~tactically~*~*~ (stealth).
 10486 | D:11     | 10486 ||| INVOKING Sacrifice Experience.
 10486 | D:11     | Gained mutation: You are somewhat inexperienced. (-1 XL)
                  | [Ru sacrifice]
 10486 | D:11     | Reached XP level 12. HP: 107/107 MP: 11/11
 10493 | D:11     | 10493 ||| Stepping ~*~*~tactically~*~*~ (hiding).
 10494 | D:11     | 10494 ||| Stepping ~*~*~tactically~*~*~ (hiding).
 10566 | D:11     | Identified the +2 leather armour of the World {rElec}
 11002 | D:11     | Reached skill level 6 in Dodging
 11179 | D:11     | 11179 ||| PLANNING LAIR
 11242 | Lair:1   | Entered Level 1 of the Lair of Beasts
 11243 | Lair:1   | 11243 ||| INVOKING Apocalypse.
 11258 | Lair:1   | 11258 ||| Stepping ~*~*~tactically~*~*~ (stealth).
 11346 | Lair:1   | Found a glowing golden altar of the Shining One.
 11467 | Lair:1   | 11467 ||| Stepping ~*~*~tactically~*~*~ (stealth).
 11536 | Lair:1   | 11536 ||| READING scroll of enchant armour.
 11536 | Lair:1   | 11536 ||| ENCHANTING +0 pair of gloves.
 11658 | Lair:1   | 11658 ||| INVOKING Apocalypse.
 11884 | Lair:1   | 11884 ||| Stepping ~*~*~tactically~*~*~ (stealth).
 12025 | Lair:1   | 12025 ||| Stepping ~*~*~tactically~*~*~ (stealth).
 12177 | Lair:1   | 12177 ||| DROPPING amulet of faith.
 12178 | Lair:1   | 12178 ||| DRINKING 2 dark potions.
 12279 | Lair:1   | 12279 ||| DROPPING potion of ambrosia.
 12310 | Lair:2   | Noticed Fannar
 12311 | Lair:2   | 12311 ||| INVOKING Apocalypse.
 12312 | Lair:2   | 12312 ||| STAIRDANCE
 12314 | Lair:1   | Killed Fannar
 12315 | Lair:1   | Reached skill level 12 in Fighting
 12383 | Lair:2   | 12383 ||| SWAPPING to +0 morningstar.
 12395 | Lair:2   | 12395 ||| STAIRDANCE
 12397 | Lair:1   | 12397 ||| SWAPPING to +2 vampiric hand axe.
 12517 | Lair:2   | Found a staircase to the Shoals.
 12656 | Lair:2   | Noticed Erica
 12657 | Lair:2   | 12657 ||| Stepping ~*~*~tactically~*~*~ (hiding).
 12659 | Lair:2   | 12659 ||| INVOKING Apocalypse.
 12659 | Lair:2   | Killed Erica
 12667 | Lair:2   | 12667 ||| FLEEEEING.
 12671 | Lair:2   | 12671 ||| FLEEEEING.
 12672 | Lair:2   | 12672 ||| FLEEEEING.
 12673 | Lair:2   | 12673 ||| FLEEEEING.
 12674 | Lair:2   | 12674 ||| FLEEEEING.
 12675 | Lair:2   | 12675 ||| FLEEEEING.
 12676 | Lair:2   | 12676 ||| FLEEEEING.
 12677 | Lair:2   | 12677 ||| FLEEEEING.
 12678 | Lair:2   | 12678 ||| FLEEEEING.
 12679 | Lair:2   | 12679 ||| FLEEEEING.
 12680 | Lair:2   | 12680 ||| FLEEEEING.
 12681 | Lair:2   | 12681 ||| FLEEEEING.
 12682 | Lair:2   | 12682 ||| FLEEEEING.
 12683 | Lair:2   | 12683 ||| FLEEEEING.
 12684 | Lair:2   | 12684 ||| FLEEEEING.
 12685 | Lair:2   | 12685 ||| FLEEEEING.
 12686 | Lair:2   | 12686 ||| FLEEEEING.
 12687 | Lair:2   | 12687 ||| FLEEEEING.
 12688 | Lair:2   | 12688 ||| FLEEEEING.
 12689 | Lair:2   | 12689 ||| FLEEEEING.
 12690 | Lair:2   | 12690 ||| FLEEEEING.
 12720 | Lair:2   | 12720 ||| Stepping ~*~*~tactically~*~*~ (stealth).
 12752 | Lair:2   | 12752 ||| Stepping ~*~*~tactically~*~*~ (stealth).
 12781 | Lair:2   | 12781 ||| READING scroll of enchant weapon.
 12781 | Lair:2   | 12781 ||| ENCHANTING +2 vampiric hand axe.
 12860 | Lair:2   | Found a broken altar of Ashenzari.
 12878 | Lair:2   | Noticed Gastronok
 12879 | Lair:2   | 12879 ||| Stepping ~*~*~tactically~*~*~ (hiding).
 12897 | Lair:2   | Killed Gastronok
 12908 | Lair:2   | 12908 ||| Stepping ~*~*~tactically~*~*~ (stealth).
 12910 | Lair:2   | 12910 ||| Stepping ~*~*~tactically~*~*~ (hiding).
 13114 | Lair:2   | 13114 ||| Stepping ~*~*~tactically~*~*~ (hiding).
 13571 | Lair:2   | 13571 ||| INVOKING Sacrifice Stealth.
 13571 | Lair:2   | Gained mutation: You cannot be stealthy. [Ru sacrifice]
 13571 | Lair:2   | Reached ****** piety under Ru
 13753 | Lair:3   | Found a hole to the Spider Nest.
 13754 | Lair:3   | 13754 ||| Stepping ~*~*~tactically~*~*~ (stealth).
 13806 | Lair:3   | 13806 ||| INVOKING Apocalypse.
 13807 | Lair:3   | 13807 ||| FLEEEEING.
 13808 | Lair:3   | 13808 ||| FLEEEEING.
 13809 | Lair:3   | 13809 ||| FLEEEEING.
 13810 | Lair:3   | 13810 ||| FLEEEEING.
 13811 | Lair:3   | 13811 ||| FLEEEEING.
 13812 | Lair:3   | 13812 ||| FLEEEEING.
 13813 | Lair:3   | 13813 ||| FLEEEEING.
 13814 | Lair:3   | 13814 ||| FLEEEEING.
 13815 | Lair:3   | 13815 ||| FLEEEEING.
 13816 | Lair:3   | 13816 ||| FLEEEEING.
 13817 | Lair:3   | 13817 ||| FLEEEEING.
 13818 | Lair:3   | 13818 ||| FLEEEEING.
 13820 | Lair:3   | 13820 ||| FLEEEEING.
 13821 | Lair:3   | 13821 ||| FLEEEEING.
 13825 | Lair:3   | 13825 ||| FLEEEEING.
 13826 | Lair:3   | 13826 ||| FLEEEEING.
 13827 | Lair:3   | 13827 ||| FLEEEEING.
 13828 | Lair:3   | 13828 ||| FLEEEEING.
 13835 | Lair:3   | 13835 ||| FLEEEEING.
 13845 | Lair:3   | Reached skill level 12 in Armour
 13978 | Lair:3   | 13978 ||| Stepping ~*~*~tactically~*~*~ (stealth).
 13981 | Lair:3   | 13981 ||| Stepping ~*~*~tactically~*~*~ (stealth).
 13995 | Lair:3   | 13995 ||| Stepping ~*~*~tactically~*~*~ (stealth).
 14024 | Lair:3   | Reached XP level 13. HP: 111/119 MP: 12/12
 14054 | Lair:3   | 14054 ||| Stepping ~*~*~tactically~*~*~ (stealth).
 14167 | Lair:3   | 14167 ||| Stepping ~*~*~tactically~*~*~ (stealth).
 14169 | Lair:3   | 14169 ||| Stepping ~*~*~tactically~*~*~ (stealth).
 14171 | Lair:3   | 14171 ||| INVOKING Apocalypse.
 14268 | Lair:3   | 14268 ||| Stepping ~*~*~tactically~*~*~ (hiding).
 14336 | Lair:3   | 14336 ||| Stepping ~*~*~tactically~*~*~ (stealth).
 14337 | Lair:3   | 14337 ||| INVOKING Apocalypse.
 14351 | Lair:3   | 14351 ||| FLEEEEING.
 14352 | Lair:3   | 14352 ||| FLEEEEING.
 14353 | Lair:3   | 14353 ||| FLEEEEING.
 14354 | Lair:3   | 14354 ||| FLEEEEING.
 14355 | Lair:3   | 14355 ||| FLEEEEING.
 14359 | Lair:3   | 14359 ||| FLEEEEING.
 14360 | Lair:3   | 14360 ||| FLEEEEING.
 14361 | Lair:3   | 14361 ||| FLEEEEING.
 14362 | Lair:3   | 14362 ||| FLEEEEING.
 14363 | Lair:3   | 14363 ||| FLEEEEING.
 14370 | Lair:3   | 14370 ||| FLEEEEING.
 14371 | Lair:3   | 14371 ||| STAIRDANCE
 14416 | Lair:3   | 14416 ||| STAIRDANCE
 14690 | Lair:3   | 14690 ||| Stepping ~*~*~tactically~*~*~ (stealth).
 14758 | Lair:4   | 14758 ||| STAIRDANCE
 14766 | Lair:4   | 14766 ||| STAIRDANCE
 14866 | Lair:4   | 14866 ||| INVOKING Apocalypse.
 14867 | Lair:4   | Reached skill level 6 in Throwing
 14920 | Lair:4   | 14920 ||| Stepping ~*~*~tactically~*~*~ (stealth).
 14925 | Lair:4   | 14925 ||| SWAPPING to +0 morningstar.
 14936 | Lair:4   | 14936 ||| SWAPPING to +3 vampiric hand axe.
 14958 | Lair:4   | 14958 ||| Stepping ~*~*~tactically~*~*~ (stealth).
 14975 | Lair:4   | 14975 ||| SWAPPING to +0 morningstar.
 14985 | Lair:4   | 14985 ||| SWAPPING to +3 vampiric hand axe.
 15079 | Lair:4   | Found a transporter.
 15079 | Lair:4   | Found a transporter.
 15410 | Lair:4   | Found a staircase to the Slime Pits.
 15637 | Lair:4   | 15637 ||| Stepping ~*~*~tactically~*~*~ (stealth).
 15646 | Lair:4   | 15646 ||| Stepping ~*~*~tactically~*~*~ (stealth).
 15777 | Lair:4   | 15777 ||| READING scroll labelled BOXEIPLEPLI.
 15778 | Lair:4   | 15778 ||| READING scroll labelled HESUMN MATZISE.
 15779 | Lair:4   | 15779 ||| READING 5 scrolls of teleportation.
 15813 | Lair:5   | Entered Level 5 of the Lair of Beasts
 15815 | Lair:5   | 15815 ||| STAIRDANCE
 15827 | Lair:5   | 15827 ||| STAIRDANCE
 15843 | Lair:5   | 15843 ||| STAIRDANCE
 15879 | Lair:5   | 15879 ||| STAIRDANCE
 16375 | Lair:5   | 16375 ||| INVOKING Apocalypse.
 16376 | Lair:5   | 16376 ||| FLEEEEING.
 16394 | Lair:5   | 16394 ||| FLEEEEING.
 16395 | Lair:5   | 16395 ||| FLEEEEING.
 16396 | Lair:5   | 16396 ||| FLEEEEING.
 16458 | Lair:5   | 16458 ||| READING scroll of enchant weapon.
 16458 | Lair:5   | 16458 ||| ENCHANTING +3 vampiric hand axe.
 16508 | Lair:5   | 16508 ||| Stepping ~*~*~tactically~*~*~ (stealth).
 16598 | Lair:5   | Reached skill level 18 in Shields
 16632 | Lair:5   | 16632 ||| Stepping ~*~*~tactically~*~*~ (stealth).
 16688 | Lair:5   | 16688 ||| FLEEEEING.
 16712 | Lair:5   | Identified the ring "Dafaimudgh" {Will+ Int+2 SInv}
 16742 | Lair:5   | 16742 ||| INVOKING Apocalypse.
 16837 | Lair:5   | 16837 ||| Stepping ~*~*~tactically~*~*~ (stealth).
 16841 | Lair:5   | 16841 ||| Stepping ~*~*~tactically~*~*~ (hiding).
 16996 | Lair:5   | 16996 ||| Stepping ~*~*~tactically~*~*~ (hiding).
 17042 | Lair:5   | HP: 13/100 [dire elephant simulacrum[a necromancer] (17)]
 17043 | Lair:5   | 17043 ||| READING 4 scrolls of teleportation.
 17044 | Lair:5   | 17044 ||| DRINKING 12 potions of heal wounds.
 17046 | Lair:5   | 17046 ||| DRINKING 11 potions of heal wounds.
 17491 | Lair:5   | 17491 ||| Stepping ~*~*~tactically~*~*~ (hiding).
 17651 | Lair:5   | 17651 ||| READING 3 scrolls of teleportation.
 17854 | Lair:5   | 17854 ||| Stepping ~*~*~tactically~*~*~ (stealth).
 17881 | Lair:5   | Gained mutation: You are dopey. (Int -2) [a neqoxec]
 17952 | Lair:5   | 17952 ||| FLEEEEING.
 17989 | Lair:5   | Reached skill level 15 in Fighting
 18014 | Lair:5   | 18014 ||| DROPPING +0 morningstar.
 18015 | Lair:5   | 18015 ||| UPGRADING to ring of Lies {Contam rF+ Int+8
                  | Dex+3}.
 18017 | Lair:5   | 18017 ||| PLANNING D
 18017 | Lair:5   | 18017 ||| UPGRADING to +0 hat of see invisible.
 18181 | D:12     | Reached XP level 14. HP: 117/118 MP: 13/13
 18369 | D:12     | 18369 ||| READING scroll of enchant armour.
 18369 | D:12     | 18369 ||| ENCHANTING +1 pair of gloves.
 18454 | D:12     | 18454 ||| FLEEEEING.
 18481 | D:12     | 18481 ||| Stepping ~*~*~tactically~*~*~ (stealth).
 18693 | D:12     | Reached skill level 9 in Dodging
 18752 | D:12     | Found a runed translucent door.
 18780 | D:12     | Found a runed translucent door.
 19011 | D:12     | 19011 ||| READING scroll of enchant weapon.
 19011 | D:12     | 19011 ||| ENCHANTING +4 vampiric hand axe.
 19021 | D:12     | Identified the +2 robe of Least Resistance {*Corrode rElec
                  | Int+9 SInv}
 19203 | D:12     | 19203 ||| READING 2 scrolls of teleportation.
 19273 | D:12     | 19273 ||| READING scroll of teleportation.
 19274 | D:12     | 19274 ||| STAIRDANCE
 19428 | D:13     | 19428 ||| Stepping ~*~*~tactically~*~*~ (hiding).
 19429 | D:13     | 19429 ||| Stepping ~*~*~tactically~*~*~ (hiding).
 19454 | D:13     | 19454 ||| Stepping ~*~*~tactically~*~*~ (stealth).
 19471 | D:13     | 19471 ||| Stepping ~*~*~tactically~*~*~ (stealth).
 19473 | D:13     | 19473 ||| Stepping ~*~*~tactically~*~*~ (hiding).
 19508 | D:13     | 19508 ||| INVOKING Apocalypse.
 19521 | D:13     | 19521 ||| Stepping ~*~*~tactically~*~*~ (stealth).
 19563 | D:13     | 19563 ||| Stepping ~*~*~tactically~*~*~ (stealth).
 19564 | D:13     | 19564 ||| Stepping ~*~*~tactically~*~*~ (stealth).
 19650 | D:13     | Found a gate to the Vaults.
 19767 | D:13     | 19767 ||| INVOKING Apocalypse.
 19768 | D:13     | 19768 ||| FLEEEEING.
 19769 | D:13     | 19769 ||| FLEEEEING.
 19790 | D:13     | 19790 ||| FLEEEEING.
 19791 | D:13     | 19791 ||| FLEEEEING.
 19796 | D:13     | 19796 ||| FLEEEEING.
 19803 | D:13     | 19803 ||| SWAPPING to +0 eveningstar of draining.
 19810 | D:13     | 19810 ||| SWAPPING to +5 vampiric hand axe.
 20014 | D:13     | 20014 ||| DROPPING +2 pair of gloves.
 20042 | D:14     | 20042 ||| STAIRDANCE
 20048 | D:14     | 20048 ||| STAIRDANCE
 20056 | D:14     | 20056 ||| STAIRDANCE
 20107 | D:14     | 20107 ||| Stepping ~*~*~tactically~*~*~ (hiding).
 20108 | D:14     | 20108 ||| Stepping ~*~*~tactically~*~*~ (hiding).
 20109 | D:14     | 20109 ||| Stepping ~*~*~tactically~*~*~ (hiding).
 20110 | D:14     | 20110 ||| Stepping ~*~*~tactically~*~*~ (hiding).
 20111 | D:14     | 20111 ||| Stepping ~*~*~tactically~*~*~ (hiding).
 20130 | D:14     | 20130 ||| Stepping ~*~*~tactically~*~*~ (hiding).
 20131 | D:14     | 20131 ||| Stepping ~*~*~tactically~*~*~ (hiding).
 20220 | D:14     | 20220 ||| SWAPPING to +0 eveningstar of draining.
 20224 | D:14     | 20224 ||| SWAPPING to +5 vampiric hand axe.
 20310 | D:14     | 20310 ||| Stepping ~*~*~tactically~*~*~ (hiding).
 20327 | D:14     | 20327 ||| INVOKING Apocalypse.
 20368 | D:14     | 20368 ||| Stepping ~*~*~tactically~*~*~ (hiding).
 20369 | D:14     | 20369 ||| Stepping ~*~*~tactically~*~*~ (hiding).
 20402 | D:14     | 20402 ||| Stepping ~*~*~tactically~*~*~ (stealth).
 20449 | D:14     | 20449 ||| Stepping ~*~*~tactically~*~*~ (stealth).
 20552 | D:14     | 20552 ||| Stepping ~*~*~tactically~*~*~ (hiding).
 20554 | D:14     | 20554 ||| Stepping ~*~*~tactically~*~*~ (hiding).
 20655 | D:14     | Noticed a fire giant
 20663 | D:14     | 20663 ||| INVOKING Apocalypse.
 20670 | D:14     | Killed a fire giant
 20730 | D:14     | 20730 ||| SWAPPING to +0 broad axe.
 20731 | D:14     | 20731 ||| DROPPING +5 vampiric hand axe.
 20769 | D:14     | 20769 ||| INVOKING Apocalypse.
 20884 | D:14     | 20884 ||| READING scroll of enchant weapon.
 20884 | D:14     | 20884 ||| ENCHANTING +0 broad axe.
 21327 | D:14     | 21327 ||| READING scroll labelled VUOKIVVEZE.
 21327 | D:14     | Identified a scroll of acquirement
 21327 | D:14     | 21327 ||| ACQUIRING 892 gold pieces
 21327 | D:14     | Acquired 892 gold pieces
 21329 | D:14     | 21329 ||| DROPPING scroll of noise.
 21369 | D:15     | Entered Level 15 of the Dungeon
 21401 | D:15     | 21401 ||| Stepping ~*~*~tactically~*~*~ (stealth).
 21404 | D:15     | 21404 ||| Stepping ~*~*~tactically~*~*~ (stealth).
 21438 | D:15     | 21438 ||| Stepping ~*~*~tactically~*~*~ (stealth).
 21448 | D:15     | 21448 ||| DRINKING potion of cancellation.
 21473 | D:15     | 21473 ||| Stepping ~*~*~tactically~*~*~ (stealth).
 21475 | D:15     | 21475 ||| Stepping ~*~*~tactically~*~*~ (stealth).
 21478 | D:15     | 21478 ||| Stepping ~*~*~tactically~*~*~ (stealth).
 21496 | D:15     | Reached skill level 16 in Axes
 21534 | D:15     | 21534 ||| Stepping ~*~*~tactically~*~*~ (stealth).
 21610 | D:15     | 21610 ||| Stepping ~*~*~tactically~*~*~ (stealth).
 21611 | D:15     | 21611 ||| Stepping ~*~*~tactically~*~*~ (stealth).
 21630 | D:15     | 21630 ||| Stepping ~*~*~tactically~*~*~ (hiding).
 21632 | D:15     | 21632 ||| Stepping ~*~*~tactically~*~*~ (hiding).
 21646 | Abyss:2  | Found a corrupted altar of Lugonu.
 21646 | Abyss:2  | Cast into level 2 of the Abyss (a wizard)
 21647 | Abyss:2  | Reached XP level 15. HP: 144/145 MP: 14/14
 21678 | Abyss:2  | 21678 ||| Stepping ~*~*~tactically~*~*~ (stealth).
 21680 | Abyss:2  | 21680 ||| Stepping ~*~*~tactically~*~*~ (stealth).
 21733 | Abyss:2  | 21733 ||| INVOKING Apocalypse.
 21739 | Abyss:2  | 21739 ||| Stepping ~*~*~tactically~*~*~ (stealth).
 21812 | Abyss:2  | Noticed a tentacled starspawn
 21813 | Abyss:2  | 21813 ||| Stepping ~*~*~tactically~*~*~ (stealth).
 21816 | Abyss:2  | 21816 ||| Stepping ~*~*~tactically~*~*~ (hiding).
 21817 | Abyss:2  | 21817 ||| Stepping ~*~*~tactically~*~*~ (stealth).
 21827 | Abyss:2  | Killed a tentacled starspawn
 21885 | Abyss:2  | Noticed a tentacled starspawn
 21889 | Abyss:2  | Killed a tentacled starspawn
 22149 | Abyss:2  | 22149 ||| INVOKING Apocalypse.
 22150 | Abyss:2  | Reached skill level 17 in Axes
 22151 | Abyss:2  | HP: 17/97 [raiju/living lightning (12)]
 22152 | Abyss:2  | 22152 ||| READING scroll of teleportation.
 22162 | Abyss:2  | HP: 30/148 [raiju/living lightning (4)]
 22166 | Abyss:2  | Noticed a tentacled starspawn
 22173 | Abyss:2  | Killed a tentacled starspawn
 22184 | Abyss:2  | Noticed a dread lich
 22185 | Abyss:2  | 22185 ||| Stepping ~*~*~tactically~*~*~ (stealth).
 22191 | Abyss:2  | 22191 ||| Stepping ~*~*~tactically~*~*~ (stealth).
 22206 | Abyss:2  | 22206 ||| Stepping ~*~*~tactically~*~*~ (stealth).
 22221 | Abyss:2  | Paralysed by a dread lich for 2 turns
 22224 | Abyss:2  | 22224 ||| Stepping ~*~*~tactically~*~*~ (hiding).
 22226 | Abyss:2  | 22226 ||| Stepping ~*~*~tactically~*~*~ (hiding).
 22232 | Abyss:2  | HP: 29/171 [???[a dread lich] (26)]
 22237 | Abyss:2  | HP: 28/171 [dread lich (1)]
 22239 | Abyss:2  | Paralysed by a dread lich for 2 turns
 22244 | Abyss:2  | Killed a dread lich
 22247 | D:15     | Escaped the Abyss
 22256 | D:15     | 22256 ||| INVOKING Draw Out Power.
 22496 | D:15     | 22496 ||| Stepping ~*~*~tactically~*~*~ (hiding).
 22510 | D:15     | Reached skill level 18 in Axes
 22633 | D:15     | 22633 ||| Stepping ~*~*~tactically~*~*~ (hiding).
 22634 | D:15     | 22634 ||| Stepping ~*~*~tactically~*~*~ (stealth).
 22636 | D:15     | 22636 ||| Stepping ~*~*~tactically~*~*~ (stealth).
 22820 | D:15     | 22820 ||| Stepping ~*~*~tactically~*~*~ (hiding).
 22824 | D:15     | 22824 ||| INVOKING Apocalypse.
 22887 | D:15     | Found a staircase to the Depths.
 23009 | D:15     | 23009 ||| Stepping ~*~*~tactically~*~*~ (stealth).
 23011 | D:15     | 23011 ||| Stepping ~*~*~tactically~*~*~ (hiding).
 23012 | D:15     | 23012 ||| Stepping ~*~*~tactically~*~*~ (hiding).
 23168 | D:15     | 23168 ||| PLANNING ORC
 23168 | D:15     | 23168 ||| DROPPING ring of willpower.
 23169 | D:15     | 23169 ||| READING 16 scrolls of identify.
 23169 | D:15     | 23169 ||| IDENTIFYING brown potion
 23170 | D:15     | 23170 ||| DROPPING potion of invisibility.
 23333 | Orc:1    | Entered Level 1 of the Orcish Mines
 23355 | Orc:1    | 23355 ||| Stepping ~*~*~tactically~*~*~ (hiding).
 23375 | Orc:1    | 23375 ||| INVOKING Apocalypse.
 23459 | Orc:1    | 23459 ||| Stepping ~*~*~tactically~*~*~ (stealth).
 23461 | Orc:1    | 23461 ||| Stepping ~*~*~tactically~*~*~ (stealth).
 23463 | Orc:1    | 23463 ||| Stepping ~*~*~tactically~*~*~ (hiding).
 23465 | Orc:1    | 23465 ||| Stepping ~*~*~tactically~*~*~ (hiding).
 23473 | Orc:1    | 23473 ||| Stepping ~*~*~tactically~*~*~ (hiding).
 23533 | Orc:1    | 23533 ||| SWAPPING to +2 broad axe of electrocution.
 23534 | Orc:1    | 23534 ||| DROPPING +1 broad axe.
 23644 | Orc:1    | Noticed Sonja
 23656 | Orc:1    | Killed Sonja
 23667 | Orc:1    | Found a transporter.
 23902 | Orc:1    | Found Woopheov's Self-Improvement Boutique.
 24075 | Orc:2    | Entered Level 2 of the Orcish Mines
 24121 | Orc:2    | 24121 ||| Stepping ~*~*~tactically~*~*~ (hiding).
 24122 | Orc:2    | 24122 ||| Stepping ~*~*~tactically~*~*~ (hiding).
 24123 | Orc:2    | 24123 ||| Stepping ~*~*~tactically~*~*~ (hiding).
 24124 | Orc:2    | 24124 ||| Stepping ~*~*~tactically~*~*~ (hiding).
 24299 | Orc:2    | Found Xunnonunk's Armour Emporium.
 24317 | Orc:2    | Found Foasov's Assorted Antiques.
 24398 | Orc:2    | Found Ojurysics's Distillery.
 24406 | Orc:2    | Found a staircase to the Elven Halls.
 24414 | Orc:2    | 24414 ||| BUYING potion of curing (45 gold).
 24414 | Orc:2    | Bought a potion of curing for 45 gold pieces
 24414 | Orc:2    | 24414 ||| BUYING potion of curing (45 gold).
 24414 | Orc:2    | Bought a potion of curing for 45 gold pieces
 24414 | Orc:2    | 24414 ||| BUYING potion of curing (45 gold).
 24414 | Orc:2    | Bought a potion of curing for 45 gold pieces
 24414 | Orc:2    | 24414 ||| BUYING potion of heal wounds (75 gold).
 24414 | Orc:2    | Bought a potion of heal wounds for 75 gold pieces
 24414 | Orc:2    | 24414 ||| BUYING potion of heal wounds (75 gold).
 24414 | Orc:2    | Bought a potion of heal wounds for 75 gold pieces
 24419 | Orc:2    | 24419 ||| Stepping ~*~*~tactically~*~*~ (stealth).
 24421 | Orc:2    | 24421 ||| Stepping ~*~*~tactically~*~*~ (stealth).
 24480 | Orc:2    | Found Miboless's Jewellery Emporium.
 24488 | Orc:2    | 24488 ||| BUYING +4 ring of protection (504 gold).
 24488 | Orc:2    | Bought a +4 ring of protection for 504 gold pieces
 24488 | Orc:2    | 24488 ||| BUYING ring of Suckyrui {rF+ rC+ AC+4 Str+3} (886
                  | gold).
 24488 | Orc:2    | Bought the ring of Suckyrui {rF+ rC+ AC+4 Str+3} for 886
                  | gold pieces
 24550 | Orc:2    | HP: 29/130 [orc high priest/divine providence (12)]
 24551 | Orc:2    | 24551 ||| DRINKING 13 potions of heal wounds.
 24552 | Orc:2    | 24552 ||| DRINKING 12 potions of heal wounds.
 24554 | Orc:2    | Reached skill level 19 in Axes
 24554 | Orc:2    | 24554 ||| INVOKING Apocalypse.
 24560 | Orc:2    | HP: 25/122 [orc priest/divine providence (15)]
 24561 | Orc:2    | 24561 ||| DRINKING 11 potions of heal wounds.
 24565 | Orc:2    | 24565 ||| DRINKING 10 potions of heal wounds.
 24567 | Orc:2    | Slain by an orc knight

Levels and vault maps discovered:
D:1:      dpeg_arrival_ratfight, layout_rooms, hangedman_decor_peaks_small,
          kennysheep_small_spiral
D:2:      layout_rooms, hellmonk_ecumenical_altar_crossroads, st_stairs_5,
          chequers_serial_rivers_micro_a, dreamdust_wishing_well, uniq_jessica
D:3:      layout_loops_ring, nicolae_overflow_quartered_altars
D:4:      layout_loops_ring, old_standard_altar, nicolae_ru_path_of_blood,
          uniq_duvessa
D:5:      layout_loops_ring, nicolae_overflow_hidden_temple,
          portal_sewer_entry_b, hangedman_decor_clover_reticule,
          minmay_crossroads, uniq_prince_ribbit1, uniq_pikel, uniq_eustachio,
          uniq_sigmund
D:6:      layout_loops_ring, minmay_temple_entry_hall, minivault_27,
          kennysheep_generic_room_10
D:7:      layout_basic, nicolae_ossuary_entry_ruins, grunt_decor_fettered,
          minmay_checkerbox
D:8:      nicolae_cairo_tiling_very_big, layout_basic,
          gammafunk_temple_overflow_statue, minmay_chambers_of_fives,
          uniq_maggie
D:9:      layout_loops_ring, david_orc_5, minmay_st_funbox
D:10:     layout_basic, nicolae_shop_unique_rings, grunt_decor_resistance,
          uniq_erolcha
D:11:     layout_basic, dpeg_oklobed_lair, gauntlet_entry_generic,
          grunt_ministairs_9, minmay_misc_feat_five, st_stairs_11
D:12:     lemuel_insect_pit, layout_cave_pods
D:13:     layout_gridville, hangedman_vaults_entry_quadrant_bands, minivault_4
D:14:     kennysheep_green_arena, layout_long_grid, minmay_misc_feat_nine_boxes,
          st_stairs_2, minmay_fractal_squares_diagonal_5
D:15:     grunt_enter_depths_hoard, layout_cave_pools,
          chequers_serial_rivers_room_b, nicolae_water_bricks
Lair:1:   layout_misc_corridors, basic_altar, serial_rivers,
          chequers_serial_rivers_micro_d, chequers_serial_rivers_micro_d,
          chequers_serial_rivers_micro_c, chequers_serial_rivers_micro_c
Lair:2:   layout_cave_pods, minmay_shoals_entry_lonely_mermaid, basic_altar,
          st_stairs_13, serial_bayou_shore_b, uniq_fannar, uniq_erica,
          uniq_gastronok
Lair:3:   layout_roguey, nicolae_spider_entry_tight_spaces
Lair:4:   gammafunk_boulding_lane, layout_gridlike, dpeg_slime_entry_corner,
          tgw_fedhas
Lair:5:   due_jungle_book, layout_cellular_growth
Orc:1:    emtedronai_trogs_sanctum, layout_caves, nicolae_shop_self_help,
          uniq_sonja
Orc:2:    st_orc_congregation, layout_diamond_mine, serial_shops,
          nicolae_shop_stone, nicolae_shop_crystal, nicolae_lakefront_shop,
          shop, shop_statue, hellmonk_bongcloud_opening

Skill      XL: |  1  2  3  4  5  6  7  8  9 10 11 12 13 14 15 |
---------------+----------------------------------------------+-----
Axes           | 3 4 5 6 7 8 9 11 14 15 16 19 | 19.0
Dodging        | 1 3 6 8 9 |  9.6
Fighting       | 4 6 7 12 15 16 | 16.3
Shields        | 8 10 16 17 18 | 18.9
Throwing       | 1 5 6 7 |  7.0
Armour         | 4 5 12 13 14 | 14.0

Action                   |  1- 3 |  4- 6 |  7- 9 | 10-12 | 13-15 || total
-------------------------+-------+-------+-------+-------+-------++-------
Melee: War axe           |    79 |   105 |    69 |       |       ||   253
       Headbutt          |    10 |    17 |    88 |   191 |   447 ||   753
       Hand axe          |       |       |   288 |  1039 |  1356 ||  2683
       Morningstar       |       |       |       |    10 |    16 ||    26
       Broad axe         |       |       |       |       |   437 ||   437
       Eveningstar       |       |       |       |       |     7 ||     7
Throw: Boomerang         |       |       |    51 |    37 |    68 ||   156
       Javelin           |       |       |       |    64 |   123 ||   187
Invok: Sacrifice Love    |       |       |     1 |       |       ||     1
       Sacrifice an Eye  |       |       |       |     1 |       ||     1
       Apocalypse        |       |       |       |    10 |    15 ||    25
       Sacrifice Stealth |       |       |       |     1 |       ||     1
       Sacrifice Artific |       |       |       |     1 |       ||     1
       Sacrifice Experie |       |       |       |     1 |       ||     1
       Draw Out Power    |       |       |       |       |     1 ||     1
  Use: Scroll            |     6 |     4 |    10 |     5 |    14 ||    39
       Potion            |       |     1 |     7 |     3 |     7 ||    18
 Stab: Distracted        |       |       |       |     4 |     8 ||    12
       Invisible         |       |       |       |    11 |    25 ||    36
       Paralysed         |       |       |       |     5 |    14 ||    19
       Confused          |       |       |       |       |     2 ||     2
Armor: Scale mail        |    29 |     4 |       |       |       ||    33
       Ring mail         |       |    18 |       |       |       ||    18
       Chain mail        |       |       |    80 |    23 |       ||   103
       Plate armour      |       |       |       |   178 |   474 ||   652
Dodge: Dodged            |    22 |    34 |    42 |   157 |   336 ||   591
Block: Buckler           |    17 |    19 |       |       |       ||    36
       Tower shield      |       |       |   192 |   747 |  1439 ||  2378

Table legend:
 A = Non-vault XP
 B = Vault XP
 C = Vault XP percentage of total XP
 D = Non-vault monster count
 E = Vault monster count
 F = Vault count percentage of total count
                 A         B        C        D         E       F
            +---------+---------+-------+---------+---------+-------
      Total |  114531 |   58986 |  34.0 |     549 |     243 |  30.7
            +---------+---------+-------+---------+---------+-------
        D:1 |      32 |       5 |  13.5 |      20 |       5 |  20.0
        D:2 |      54 |      38 |  41.3 |      21 |       2 |   8.7
        D:3 |      71 |       0 |   0.0 |      21 |       0 |   0.0
        D:4 |     329 |     208 |  38.7 |      15 |       2 |  11.8
        D:5 |     336 |    1463 |  81.3 |      17 |      13 |  43.3
        D:6 |    1014 |     116 |  10.3 |      11 |       1 |   8.3
        D:7 |    1583 |     178 |  10.1 |      27 |       4 |  12.9
        D:8 |    2790 |     759 |  21.4 |      36 |       6 |  14.3
        D:9 |    2868 |    1803 |  38.6 |      28 |      29 |  50.9
       D:10 |    3408 |     958 |  21.9 |      25 |       5 |  16.7
       D:11 |    4448 |    1039 |  18.9 |      18 |       4 |  18.2
       D:12 |    5620 |       0 |   0.0 |      14 |       0 |   0.0
       D:13 |    3047 |    6164 |  66.9 |       8 |      20 |  71.4
       D:14 |   13231 |   13550 |  50.6 |      30 |      24 |  44.4
       D:15 |   14963 |    1808 |  10.8 |      38 |       2 |   5.0
     Lair:1 |    7264 |     894 |  11.0 |      28 |       1 |   3.4
     Lair:2 |    3675 |    3232 |  46.8 |      12 |       4 |  25.0
     Lair:3 |   14348 |    1443 |   9.1 |      42 |       7 |  14.3
     Lair:4 |    9022 |       0 |   0.0 |      33 |       0 |   0.0
     Lair:5 |    5589 |   13475 |  70.7 |      20 |      32 |  61.5
      Orc:1 |    4423 |     776 |  14.9 |      46 |       1 |   2.1
      Orc:2 |    1511 |    5600 |  78.8 |      17 |      36 |  67.9
    Abyss:2 |   14905 |       0 |   0.0 |      22 |       0 |   0.0
    Ossuary |       0 |     716 | 100.0 |       0 |      37 | 100.0
   Gauntlet |       0 |    4761 | 100.0 |       0 |       8 | 100.0
            +---------+---------+-------+---------+---------+-------
